Map: Dusty Gorge

Players

Charlotte - Winner!

  • Race: Terran Terran
  • League: Diamond
  • Spawn Location: 9:00

PureLegacy - Winner!

  • Race: Terran Terran
  • Spawn Location: 11:00

yannaman

  • Race: Zerg Zerg
  • Spawn Location: 5:00

emi

  • Race: Terran Terran
  • Spawn Location: 3:00

VOD

Have the link to the VOD?

Description

Time

  • Played on: Nov. 23, 2018, 11:14 a.m.
  • Length: 4:54
Show
View Real Time Build Order
Export as new Build Order

Charlotte Terran - Winner!

Build Orders:  

Get SALT Encoding   

  12  0:05  SCV  
  13  0:17  SCV  
  14  0:26  Supply Depot  
  14  0:29  SCV  
  14  0:33  Refinery  
  15  0:48  SCV  
  15  0:49  Barracks  
  16  1:00  SCV  
  17  1:06  Supply Depot  
  17  1:12  SCV  
  18  1:19  Barracks  
  18  1:24  SCV  
  19  1:40  SCV  
  19  1:43  Barracks Tech Lab  
  20  1:52  Barracks, SCV  
  21  2:02  Concussive Shells  
  21  2:04  Marauder  
  21  2:07  Barracks Reactor  
  23  2:13  Supply Depot  
  23  2:27  Marauder  
  25  2:35  SCV  
  26  2:41  Marine  
  27  2:45  Marine x2  
  27  2:48  Supply Depot  
  29  2:55  Marauder  
  31  2:59  Marine  
  31  3:03  Marine x2  
  34  3:16  Marauder  
  34  3:17  Marine  
  37  3:21  Marine x2  
  37  3:26  Supply Depot  
  39  3:35  Marine  
  39  3:37  Marine  
  39  3:39  Marine  
  42  3:46  Marine  
  43  3:51  Orbital Command  
  43  3:53  Marine  
  43  3:55  Marauder  
  46  3:56  Marine  
  45  4:15  Marine x2  
  45  4:16  Marine  
  45  4:17  Marauder  
  47  4:33  Marine x2  
Show
View Real Time Build Order
Export as new Build Order

PureLegacy Terran - Winner!

Build Orders:  

Get SALT Encoding   

  12  0:01  SCV  
  13  0:13  SCV  
  14  0:18  Supply Depot  
  14  0:25  SCV  
  15  0:32  Refinery  
  15  0:40  SCV  
  16  0:45  Barracks  
  16  0:52  SCV  
  17  1:03  Barracks  
  17  1:15  Barracks  
  17  1:21  SCV  
  18  1:32  Reaper  
  19  1:38  Orbital Command  
  19  1:46  Refinery  
  19  1:50  Reaper  
  20  1:59  Supply Depot  
  20  2:05  Reaper  
  21  2:09  Reaper  
  21  2:12  SCV  
  23  2:26  Supply Depot  
  23  2:27  Reaper  
  23  2:29  SCV  
  25  2:38  Reaper  
  25  2:41  SCV  
  27  2:44  Reaper  
  28  2:53  SCV  
  29  3:00  Reaper  
  29  3:05  SCV  
  31  3:17  Reaper, Command Center  
  31  3:18  Reaper  
  33  3:23  SCV  
  34  3:35  SCV  
  34  3:47  Reaper  
  36  3:55  Reaper  
  36  3:56  Reaper  
  36  4:00  Barracks x2  
  35  4:16  SCV  
  36  4:19  Reaper  
  36  4:21  Supply Depot  
Show
View Real Time Build Order
Export as new Build Order

yannaman Zerg 

Build Orders: Pool First 

Get SALT Encoding   

  12  0:03  Drone  
  13  0:10  Drone  
  14  0:18  Overlord  
  14  0:37  Drone x3  
  17  0:47  Spawning Pool  
  16  0:50  Drone  
  17  1:13  Hatchery  
  17  1:14  Drone  
  17  1:17  Extractor  
  16  1:21  Drone  
  17  1:33  Queen  
  17  1:38  Zergling x4  
  21  1:44  Drone  
  22  1:52  Overlord  
  22  2:07  Overlord  
  22  2:10  Queen  
  24  2:23  Drone  
  24  2:27  Metabolic Boost  
  26  2:30  Drone x2  
  27  2:50  Zergling x2  
  28  2:54  Hatchery  
  28  2:57  Zergling x4  
  27  2:59  Zergling x2  
  28  3:07  Spine Crawler  
  28  3:10  Zergling x2  
  28  3:14  Zergling x2  
  28  3:18  Zergling x2  
  30  3:21  Zergling x2  
  31  3:34  Zergling x8  
  31  3:42  Zergling x6  
  34  3:48  Zergling x2  
  34  3:55  Zergling x4  
  26  4:11  Zergling x6  
  26  4:15  Zergling x2  
  26  4:16  Zergling x4  
  31  4:19  Zergling x2  
  32  4:28  Zergling x4  
  32  4:29  Zergling x2  
  35  4:33  Zergling x4  
Show
View Real Time Build Order
Export as new Build Order

emi Terran 

Build Orders:  

Get SALT Encoding   

  12  0:01  SCV  
  13  0:13  SCV  
  14  0:22  Supply Depot  
  14  0:25  SCV  
  15  0:30  Refinery  
  15  0:44  Barracks  
  15  0:47  SCV  
  16  0:59  SCV  
  17  1:10  Barracks  
  17  1:11  SCV  
  18  1:21  Supply Depot  
  18  1:23  SCV  
  19  1:32  Reaper  
  20  1:46  Orbital Command  
  20  1:55  Barracks  
  20  1:58  Marine  
  21  2:08  Marine  
  21  2:12  SCV  
  23  2:20  Factory  
  23  2:32  SCV  
  23  2:33  Marine x2  
  26  2:44  SCV  
  26  2:55  Marine x2  
  26  2:56  Marine, SCV  
  30  3:04  Factory Tech Lab  
  28  3:13  Marine x3  
  24  3:31  Marine x3  
  24  3:33  Siege Tank  
  22  4:06  Marine  
Tags
 
Add a new tag
Caveats
  • Supply blocks, unpowered buildings, or Contaminate may cause inaccurate times.
  • Supply counts are checked every 10 seconds.